 Dungeon Crawl Stone Soup version 0.31-a0-216-g22e908daa7 (webtiles) character file.

Game seed: 2774033951432850301

100 qw the Shooter (level 4, -4/36 HPs)
             Began as a Minotaur Hexslinger on July 2, 2023.
             Slain by a gnoll sergeant
             ... wielding a +0 spear
              (9 damage)
             ... on level 2 of the Dungeon.
             The game lasted 00:00:29 (856 turns).

qw the Shooter (Minotaur Hexslinger)                 Turns: 856, Time: 00:00:30

Health: -4/36      AC:  5    Str: 12    XL:     4   Next: 46%
Magic:  4/4        EV: 11    Int: 10    God:
Gold:   51         SH:  0    Dex: 15    Spells: 4/5 levels left

rFire   . . .        Y - +1 sling
rCold   . . .        (no shield)
rNeg    . . .        f - +0 ring mail
rPois   .            (helmet restricted)
rElec   .            (no cloak)
rCorr   .            (no gloves)
SInv    .            (no boots)
Will    +....        (no amulet)
Stlth   +            a - ring of willpower
HPRegen 0.26/turn    (no ring)
MPRegen 0.09/turn

%: no passive effects
@: no status effects
A: horns 2, retaliatory headbutt
a: no special abilities


You were on level 2 of the Dungeon.
You visited 1 branch of the dungeon, and saw 2 of its levels.

You collected 51 gold pieces.


Innate Abilities, Weirdness & Mutations

You have a pair of horns on your head.
You reflexively headbutt those who attack you in melee.


   Skills:
 - Level 2.0 Fighting
 + Level 4.7 Ranged Weapons
 - Level 1.3 Armour
 - Level 2.1 Dodging
 - Level 1.0 Spellcasting
 - Level 2.0 Hexes


You had 4 spell levels left.
You knew the following spells:

 Your Spells              Type           Power      Damage    Failure   Level
a - Slow                  Hex            16%        N/A       32%         1

Your spell library contained the following spells:

 Spells                   Type           Power      Damage    Failure   Level
 Inner Flame              Hex/Fire       2%         N/A       83%         3
 Portal Projectile        Hex/Tloc       4%         N/A       83%         3
 Cause Fear               Hex            2%         N/A       97%         4

Inventory:

Hand Weapons
 Y - a +1 sling (weapon)
Armour
 f - a +0 ring mail (worn)
Jewellery
 a - a ring of willpower (left hand)
 j - an amulet of reflection
Scrolls
 b - a scroll of identify
Potions
 g - a potion of curing {unknown}

Dungeon Overview and Level Annotations

Branches:
Dungeon (2/15)

Altars:


Message History

The gnoll sergeant blocks the sling bullet.
The gnoll sergeant barely misses you.
A gnoll comes into view. It is wielding a +0 spear.
The gnoll sergeant hits you from afar with a +0 spear.
847 ||| Stepping ~*~*~tactically~*~*~ (outnumbered).
You shoot a sling bullet.
The sling bullet hits the gnoll sergeant!
The gnoll sergeant is moderately wounded.
The gnoll sergeant closely misses you.
You shoot a sling bullet.
The sling bullet barely misses the gnoll sergeant.
The gnoll sergeant hits you but does no damage.
You shoot a sling bullet.
The sling bullet hits the gnoll sergeant.
The gnoll sergeant is moderately wounded.
The gnoll sergeant closely misses you.
You shoot a sling bullet.
The sling bullet barely misses the gnoll sergeant.
The gnoll sergeant hits you from afar with a +0 spear.
The gnoll sergeant hits you from afar with a +0 spear!
You shoot a sling bullet.
The sling bullet hits the gnoll sergeant but does no damage.
The gnoll sergeant is moderately wounded.
The gnoll sergeant hits you from afar with a +0 spear!
You shoot a sling bullet.
The sling bullet hits the gnoll sergeant but does no damage.
The gnoll sergeant is moderately wounded.
The gnoll sergeant barely misses you.
You shoot a sling bullet.
The sling bullet hits the gnoll sergeant but does no damage.
The gnoll sergeant is moderately wounded.
The gnoll sergeant closely misses you.
You shoot a sling bullet.
The gnoll sergeant blocks the sling bullet.
The gnoll sergeant barely misses you.
The gnoll sergeant hits you from afar with a +0 spear.
You shoot a sling bullet.
The sling bullet barely misses the gnoll sergeant.
The gnoll sergeant hits you from afar with a +0 spear!
You die...

.....##.#.#.#.#.#......
.... #.#...#.#........
#+# #.####....#......
..#.......#######
#####)#.....#
#...)(#.....#
#..)###.....#
#.(.#.#.#.###
#.@...#.#.# ####g##.#.#
.7###.# .7 .) .. ...
g7.


You could see a gnoll sergeant.

Vanquished Creatures
  5 gnolls (D:2)
  An adder (D:2)
  A dart slug (D:1)
  4 ball pythons
  7 endoplasms
  5 giant cockroaches
  2 goblins (D:1)
  4 kobolds
  2 quokkas (D:1)
  2 bats
  2 frilled lizards (D:1)
  3 rats (D:1)
38 creatures vanquished.

Notes
Turn   | Place    | Note
-------+----------+-------------------------------------------
     0 | D:1      | qw the Minotaur Hexslinger began the quest for the Orb.
     0 | D:1      | Reached XP level 1. HP: 16/16 MP: 1/1
     0 | D:1      | 0 ||| qw: Version: 0.3-a-35-g05ef00e
     0 | D:1      | 0 ||| qw: Game counter: 7856
     0 | D:1      | 0 ||| qw: Melee chars always use a shield: true
     0 | D:1      | 0 ||| qw: God list: Okawaru
     0 | D:1      | 0 ||| qw: Allow faded altars: false
     0 | D:1      | 0 ||| qw: Do Orc after clearing Dungeon:15 true
     0 | D:1      | 0 ||| qw: Do second Lair branch before Depths: true
     0 | D:1      | 0 ||| qw: Lair rune preference: random
     0 | D:1      | 0 ||| qw: Goals: Normal
     0 | D:1      | 0 ||| PLANNING D:1-11
   118 | D:1      | 118 ||| Stepping ~*~*~tactically~*~*~ (water).
   122 | D:1      | Reached skill level 3 in Ranged Weapons
   122 | D:1      | Reached XP level 2. HP: 21/23 MP: 2/2
   453 | D:1      | 453 ||| UPGRADING to +0 ring mail.
   463 | D:1      | 463 ||| DROPPING +0 robe.
   464 | D:1      | 464 ||| DROPPING ring of flight.
   465 | D:1      | 465 ||| READING scroll labelled GEFAIQ CENTUGG.
   466 | D:1      | 466 ||| READING scroll labelled COOWOJ VEFOETT.
   467 | D:1      | 467 ||| READING scroll labelled SOMPIE CAURR.
   468 | D:1      | 468 ||| DROPPING scroll of poison.
   497 | D:2      | Reached XP level 3. HP: 29/29 MP: 3/3
   570 | D:2      | Reached skill level 4 in Ranged Weapons
   638 | D:2      | Reached skill level 1 in Armour
   647 | D:2      | HP: 7/29 [gnoll/+0 spear (6)]
   651 | D:2      | Reached XP level 4. HP: 6/36 MP: 4/4
   651 | D:2      | 651 ||| FLEEEEING.
   654 | D:2      | HP: 2/36 [gnoll/+0 hand axe (5)]
   676 | D:2      | 676 ||| FLEEEEING.
   683 | D:2      | 683 ||| FLEEEEING.
   684 | D:2      | 684 ||| FLEEEEING.
   690 | D:2      | 690 ||| STAIRDANCE
   782 | D:1      | 782 ||| UPGRADING to ring of willpower.
   841 | D:2      | Noticed a gnoll sergeant
   847 | D:2      | 847 ||| Stepping ~*~*~tactically~*~*~ (outnumbered).
   852 | D:2      | HP: 8/36 [gnoll sergeant/+0 spear (8)]
   856 | D:2      | Slain by a gnoll sergeant

Levels and vault maps discovered:
D:1:      dpeg_arrival_castle, layout_rooms, moated_statue, minmay_pentomino_t2
D:2:      layout_basic, basic_altar, pf_guarded_unrand_woodcutter,
          uniq_crazy_yiuf_cottage

Skill      XL: |  1  2  3 |
---------------+----------+-----
Ranged Weapons | 3 4 |  4.7
Fighting       | 2 |  2.0
Armour         | 1 |  1.3
Dodging        | |  2.1
Spellcasting   | |  1.0
Hexes          | |  2.0

Action                     |  1- 3 |  4- 6 || total
---------------------------+-------+-------++-------
   Fire: Sling             |    84 |    30 ||   114
    Use: Scroll            |     3 |       ||     3
 Armour: Robe              |     9 |       ||     9
         Ring mail         |     3 |     2 ||     5
  Dodge: Dodged            |    32 |    10 ||    42

Table legend:
 A = Non-vault XP
 B = Vault XP
 C = Vault XP percentage of total XP
 D = Non-vault monster count
 E = Vault monster count
 F = Vault count percentage of total count
                 A         B        C        D         E       F
            +---------+---------+-------+---------+---------+-------
      Total |      68 |      75 |  52.4 |      31 |       7 |  18.4
            +---------+---------+-------+---------+---------+-------
        D:1 |      37 |       3 |   7.5 |      21 |       2 |   8.7
        D:2 |      31 |      72 |  69.9 |      10 |       5 |  33.3
            +---------+---------+-------+---------+---------+-------
